 Dungeon Crawl Stone Soup version 0.31.0-11-ge490571c62 (webtiles) character file.

Game seed: 3662439420811134486

101673 dakkaduck the Slayer (level 15, -11/157 (162) HPs)
             Began as a Minotaur Berserker on Jan 30, 2024.
             Was a High Priest of Trog.
             Mangled by a +3 glaive of protection (24 damage)
             ... on level 2 of the Elven Halls.
             The game lasted 00:33:11 (17677 turns).

dakkaduck the Slayer (Minotaur Berserker)          Turns: 17677, Time: 00:33:11

HP:   -11/157 (162) AC: 20    Str: 30    XL:     15   Next: 84%
MP:   4/4           EV:  8    Int:  4    God:    Trog [*****.]
Gold: 2627          SH:  6    Dex:  9    Spells: 14/14 levels left

rFire   . . .        d - +4 broad axe (antimagic)
rCold   . . .        p - +0 buckler
rNeg    . . .        h - +0 plate armour
rPois   .            g - +0 hat
rElec   .            o - +2 cloak {Stlth+}
rCorr   .            (no gloves)
SInv    .            y - +0 pair of boots
Will    +....        a - amulet of regeneration Stlth
                     U - +4 ring of slaying
HPRegen 1.26/turn    Z - +4 ring of slaying
MPRegen 0.09/turn

%: no passive effects
@: about to teleport, lightly drained
A: horns 2, retaliatory headbutt
a: Renounce Religion, Berserk, Trog's Hand, Brothers in Arms


You were on level 2 of the Elven Halls.
You worshipped Trog.
Trog was extremely pleased with you.
You visited 4 branches of the dungeon, and saw 21 of its levels.
You also visited: Bailey.

You collected 2837 gold pieces.
You spent 210 gold pieces at shops.

Inventory:

Hand Weapons
 d - a +4 antimagic broad axe (weapon)
 n - a +4 broad axe of flaming
 R - a +4 broad axe of flaming
Missiles
 v - 28 boomerangs (quivered)
Armour
 g - a +0 hat (worn)
 h - a +0 plate armour (worn)
 o - a +2 cloak of stealth (worn)
 p - a +0 buckler (worn)
 y - a +0 pair of boots (worn)
Jewellery
 a - an amulet of regeneration (around neck)
 f - a +5 ring of evasion
 j - a ring of willpower
 u - a +5 ring of evasion
 x - a ring of willpower
 I - a ring of fire
 K - a ring of resist corrosion
 N - a ring of see invisible
 Q - the ring of Wariness {rF+ rN+ MP+9 AC+4 Dex-2}
   (You found it on level 2 of the Lair of Beasts)

   [ring of protection]

   AC+4:      It affects your AC (+4).
   Dex-2:     It affects your dexterity (-2).
   rF+:       It protects you from fire.
   rN+:       It protects you from negative energy.
   MP+9:      It affects your magic capacity (+9).
 U - a +4 ring of slaying (left hand)
 V - the ring "Otaunn" {MP+9 Slay+4}
   (You found it on level 2 of the Lair of Beasts)

   [ring of magical power]

   Slay+4:    It affects your accuracy & damage with ranged weapons and melee
   (+4).
   MP+9:      It affects your magic capacity (+9).
 Y - a ring of positive energy
 Z - a +4 ring of slaying (right hand)
Wands
 z - a wand of polymorph (21)
 B - a wand of paralysis (29)
 D - a wand of mindburst (14)
 H - a wand of digging (6)
 S - a wand of roots (2)
Scrolls
 c - 6 scrolls of vulnerability
 i - 5 scrolls of fog
 l - 4 scrolls of enchant armour
 m - 3 scrolls of revelation
 C - 3 scrolls of poison
 E - 4 scrolls of amnesia
 F - a scroll of enchant weapon
 G - 3 scrolls of noise
 T - 3 scrolls of teleportation
Potions
 b - 4 potions of attraction
 e - 3 potions of lignification
 k - 3 potions of invisibility
 q - 12 potions of curing
 r - a potion of magic {unknown}
 s - 3 potions of might
 t - a potion of ambrosia {unknown}
 w - 4 potions of heal wounds
 A - 5 potions of resistance
 J - 7 potions of enlightenment
 L - 2 potions of mutation
Miscellaneous
 M - a phantom mirror
 O - a lightning rod (4/4)
 P - a box of beasts
 X - a phial of floods


   Skills:
 * Level 22.8 Fighting
 - Level 19.2 Axes
 - Level 2.9 Throwing
 - Level 11.7 Armour
 - Level 2.1 Dodging
 - Level 11.5 Shields


You had 14 spell levels left.
You didn't know any spells.
Your spell library was empty.

Dungeon Overview and Level Annotations

Branches:
Dungeon (12/15)            Temple (0/1) D:6            Lair (5/5) D:9
 Shoals (0/4) Lair:2       Spider (0/4) Lair:2        Slime (0/5) Lair:4
    Orc (2/2) D:12            Elf (2/3) Orc:2        Bailey (visited)

Altars:
Fedhas
Hepliaklqana
Qazlal
Sif Muna
Trog
Uskayaw
Vehumet
Xom
Lugonu

Shops:
Orc:1 [*   Orc:2 ((([*

Portals:
Abyss: Lair:5

Annotations:
Lair:2 2 transporters, Flugkiller's ghost, journeyman TrFi
Elf:1 1 runed translucent door


Innate Abilities, Weirdness & Mutations

You have a pair of horns on your head.
You reflexively headbutt those who attack you in melee.


Message History

Deactivating autopickup; reactivate with Ctrl-A.
Something hits you.
You hear some strange, mumbled words.
A shard of ice appears from out of thin air!
The shard of ice hits you!!! The +1 lajatang of pain hits you!!
You miss the +1 lajatang of pain. You barely miss something.
You block the +1 lajatang of pain's attack.
You hear some strange, mumbled words.
A shard of ice appears from out of thin air!
The shard of ice hits you!! The +1 lajatang of pain hits you!!
* * * LOW HITPOINT WARNING * * *
Blink to where?
Press: ? - help, Dir - move target
As you read the scroll of blinking, it crumbles to dust.
Okay, then.
As you read the scroll of teleportation, it crumbles to dust.
You feel strangely unstable.
Your surroundings suddenly seem different.
A +3 glaive of protection and a deep elf zephyrmancer come into view.
The deep elf zephyrmancer shouts!
A deep elf knight comes into view. It is wielding a +0 short sword.
A +2 halberd of venom comes into view.
The +3 glaive of protection hits you from afar.
* * * LOW HITPOINT WARNING * * *
Okay, then.
The deep elf zephyrmancer mumbles some strange words.
The deep elf zephyrmancer blinks!
As you read the scroll of teleportation, it crumbles to dust.
You feel strangely unstable.
The deep elf knight shouts!
The +3 glaive of protection hits you from afar!!
* * * LOW HITPOINT WARNING * * *
A deep elf pyromancer comes into view.
It is wielding a +1 dagger of electrocution.
The deep elf knight casts a spell.
The deep elf knight seems to speed up.
You hear a shout!
The +3 glaive of protection attacks as it pursues you!
The +3 glaive of protection hits you from afar!!
You die...

##.....................##
##...#.............#...#
##...###......)....##
...# #...## ##.........##
... ##...###....)......#
.# # ##...#.............#
# # #...................
# #.....................
#..........@...........
##...........#........
##........(###......
#.........# ....
...........#
..............
.............
.......e.......
..##...........


You could see a deep elf knight (fast) and a +3 glaive of protection.

Vanquished Creatures
  Gastronok (D:8)
  2 deep elf sorcerers (Elf:1)
  A deep elf elementalist (Elf:1)
  An entropy weaver (shapeshifter) (Lair:5)
  Harold (D:10)
  Josephine (Lair:3)
  A hydra (Lair:2)
  A catoblepas (Lair:4)
  2 centaur warriors
  3 two-headed ogres
  A boulder beetle (Lair:2)
  9 dancing weapons
  3 thrashing horrors (Lair:5)
  4 orc high priests (Orc:2)
  3 deep elf knights (Elf:2)
  5 skeletal warriors (D:11)
  A skyshark (Lair:5)
  8 orc knights (Orc:2)
  A harpy (shapeshifter) (Lair:5)
  A lindwurm (Lair:5)
  10 deep elf zephyrmancers
  13 deep elf pyromancers
  2 orc sorcerers (Orc:2)
  Maurice (Orc:2)
  4 kobold blastminers
  A salamander (shapeshifter) (Lair:5)
  22 elephants
  A merfolk siren (Lair:2)
  A meliai (shapeshifter) (Lair:5)
  5 black mambas
  A smoke demon (Lair:5)
  4 large abominations (Lair:5)
  18 cane toads
  A gargoyle (D:11)
  A torpor snail (Lair:5)
  2 unseen horrors
  4 rime drakes
  A freezing wraith (D:10)
  10 komodo dragons
  2 trolls
  3 polar bears
  A hornet (D:10)
  A raiju (Lair:5)
  23 blink frogs
  A dream sheep (shapeshifter) (Elf:2)
  12 dream sheep
  5 slime creatures (D:12)
  A jumping spider (Lair:2)
  2 centaur simulacra (D:10)
  A spriggan (Lair:5)
  A ynoxinul (Lair:5)
  2 water elementals
  5 wyverns
  An air elemental (Elf:1)
  6 wraiths
  49 yaks
  Grum (D:10)
  5 basilisks
  A steam dragon (D:8)
  A fire elemental (Elf:1)
  A redback (Lair:2)
  6 wargs
  20 water moccasins
  38 orc warriors
  2 ice beasts
  3 black bears
  6 ogres
  23 wolves
  An ogre (shapeshifter) (Lair:5)
  12 small abominations (Lair:5)
  6 centaurs
  2 phantoms
  4 kobold brigands
  2 gnoll sergeants
  An earth elemental (Elf:2)
  4 scorpions
  13 bullfrogs
  8 wights (D:6)
  13 killer bees
  8 howler monkeys
  5 jellies
  4 bombardier beetles
  A gnoll bouda (D:9)
  25 orc priests
  3 hounds
  2 sleepcaps (D:6)
  6 iguanas
  24 orc wizards
  5 hell rats (Lair:1)
  Natasha (thrice) (D:3)
  An ogre zombie (D:5)
  Robin (D:3)
  13 gnolls
  A gnoll zombie (D:5)
  6 adders
  3 ribbon worms
  4 dart slugs
  80 orcs
  9 bats
  5 endoplasms
  6 giant cockroaches
  18 goblins
  8 hobgoblins
  A quokka (D:1)
  8 ball pythons
  5 frilled lizards
  39 kobolds
  10 rats
745 creatures vanquished.

Vanquished Creatures (collateral kills)
  An orc high priest (Orc:2)
  2 orc knights (Orc:2)
  4 orc warriors (Orc:2)
  2 orc priests (Orc:2)
  An orc (Orc:2)
10 creatures vanquished.

Vanquished Creatures (others)
  A deep elf knight (Elf:2)
1 creature vanquished.

Grand Total: 756 creatures vanquished

Notes
Turn   | Place    | Note
-------+----------+-------------------------------------------
     0 | D:1      | dakkaduck the Minotaur Berserker began the quest for the
                  | Orb.
     0 | D:1      | Reached XP level 1. HP: 19/19 MP: 0/0
   136 | D:1      | Reached XP level 2. HP: 26/26 MP: 1/1
   369 | D:1      | Reached skill level 5 in Axes
   637 | D:2      | Reached XP level 3. HP: 31/31 MP: 2/2
   639 | D:2      | Reached ** piety under Trog
   704 | D:2      | Reached XP level 4. HP: 39/39 MP: 3/3
  1336 | D:3      | Noticed Robin
  1340 | D:3      | Reached *** piety under Trog
  1341 | D:3      | Reached XP level 5. HP: 45/45 MP: 4/4
  1343 | D:3      | Killed Robin
  1676 | D:3      | Noticed Natasha
  1687 | D:3      | Killed Natasha
  1692 | D:3      | Reached XP level 6. HP: 33/51 MP: 5/5
  1938 | D:3      | Noticed Natasha
  1943 | D:3      | Killed Natasha
  2066 | D:3      | Noticed Natasha
  2075 | D:3      | Killed Natasha
  2483 | D:4      | Reached XP level 7. HP: 57/57 MP: 6/6
  2542 | D:4      | Reached **** piety under Trog
  2633 | D:5      | Entered Level 5 of the Dungeon
  2712 | D:5      | Reached skill level 10 in Axes
  2713 | D:5      | Found a transporter.
  3203 | D:5      | Found a transporter.
  3253 | D:5      | HP: 2/57 [gnoll sergeant zombie/+2 trident of venom (9)]
  3669 | D:5      | Reached XP level 8. HP: 60/64 MP: 7/7
  4189 | D:6      | Reached XP level 9. HP: 48/70 MP: 8/8
  4373 | D:6      | Found a staircase to the Ecumenical Temple.
  4602 | D:7      | Reached skill level 15 in Axes
  4820 | D:7      | Reached ***** piety under Trog
  4986 | D:7      | Found a shimmering altar of Xom.
  4988 | D:7      | Found a hide-covered altar of Uskayaw.
  4999 | D:7      | Found a hazy altar of Hepliaklqana.
  5121 | D:7      | Found a shimmering blue altar of Sif Muna.
  5218 | D:8      | Noticed Gastronok
  5231 | D:8      | HP: 1/105 [Gastronok (31)]
  5233 | D:8      | Killed Gastronok
  5234 | D:8      | Reached XP level 10. HP: 2/77 MP: 9/9
  6418 | D:9      | Found a flagged portal.
  6439 | Bailey   | Entered a bailey
  6468 | Bailey   | Reached skill level 1 in Shields
  6552 | Bailey   | Reached skill level 1 in Throwing
  6803 | D:9      | Reached skill level 5 in Shields
  6973 | D:9      | Reached skill level 4 in Fighting
  7103 | D:9      | Found a radiant altar of Vehumet.
  7135 | D:9      | Found a staircase to the Lair.
  7145 | D:9      | Reached skill level 5 in Fighting
  7145 | D:9      | Reached XP level 11. HP: 86/86 MP: 10/10
  7146 | D:9      | Received a gift from Trog
  7192 | D:9      | Reached skill level 6 in Fighting
  7228 | D:9      | Found a blossoming altar of Fedhas.
  7238 | D:9      | Found a stormy altar of Qazlal.
  7539 | D:10     | Entered Level 10 of the Dungeon
  7563 | Lair:1   | Entered Level 1 of the Lair of Beasts
  7665 | Lair:1   | Reached skill level 7 in Fighting
  7725 | Lair:1   | Reached skill level 8 in Fighting
  7813 | Lair:1   | Reached skill level 5 in Armour
  7923 | Lair:1   | Reached skill level 9 in Fighting
  8126 | Lair:1   | Reached skill level 10 in Fighting
  8126 | Lair:1   | Reached XP level 12. HP: 74/106 MP: 11/11
  8379 | Lair:2   | Found a hole to the Spider Nest.
  8480 | Lair:2   | Identified the ring of Wariness {rF+ rN+ MP+9 AC+4 Dex-2}
  8501 | Lair:2   | Received a gift from Trog
  8582 | Lair:2   | Noticed a five-headed hydra
  8588 | Lair:2   | Killed a two-headed hydra
  8600 | Lair:2   | Reached skill level 11 in Fighting
  8677 | Lair:2   | Reached skill level 10 in Shields
  8800 | Lair:2   | Found a transporter.
  8801 | Lair:2   | Found a transporter.
  8805 | Lair:2   | Noticed Flugkiller's ghost (journeyman TrFi)
  8828 | Lair:2   | Found a bloodstained altar of Trog.
  8871 | Lair:2   | Noticed a boulder beetle
  8881 | Lair:2   | Killed a boulder beetle
  8902 | Lair:2   | Identified the ring "Otaunn" {MP+9 Slay+4}
  9165 | Lair:2   | Found a staircase to the Shoals.
  9180 | Lair:2   | Reached skill level 12 in Fighting
  9407 | Lair:3   | Reached skill level 13 in Fighting
  9657 | Lair:3   | Reached skill level 14 in Fighting
  9664 | Lair:3   | Reached XP level 13. HP: 110/124 MP: 12/12
  9719 | Lair:3   | Noticed Josephine
  9727 | Lair:3   | Reached skill level 15 in Fighting
  9728 | Lair:3   | Killed Josephine
 10281 | Lair:4   | You fall into a shaft and drop 1 floor!
 10281 | Lair:5   | Entered Level 5 of the Lair of Beasts
 10296 | Lair:5   | Reached skill level 16 in Fighting
 10428 | Lair:5   | Identified the +2 helmet of the Lair of Beasts {Regen+
                  | SInv}
 10927 | Lair:4   | Reached skill level 17 in Fighting
 11238 | Lair:4   | Found a staircase to the Slime Pits.
 11427 | Lair:5   | Reached ****** piety under Trog
 11466 | Lair:5   | Reached skill level 18 in Fighting
 11466 | Lair:5   | Received a gift from Trog
 11905 | Lair:5   | Reached XP level 14. HP: 121/144 MP: 13/13
 11935 | Lair:5   | Reached skill level 19 in Fighting
 12115 | Lair:5   | Found a corrupted altar of Lugonu.
 12115 | Lair:5   | Found a one-way gate to the infinite horrors of the Abyss.
 12127 | Lair:5   | Identified the +2 robe of the Evening Star {Int+2}
 12355 | Lair:5   | Reached skill level 20 in Fighting
 12661 | D:10     | Noticed Grum
 12672 | D:10     | Killed Grum
 12719 | D:10     | Paralysed by a hornet for 1 turns
 12954 | D:10     | Noticed Harold
 12967 | D:10     | Killed Harold
 13016 | D:10     | Found the +8 frozen axe "Frostbite" {freeze, freezing
                  | cloud, *Noise Fly rC+}
 13703 | D:11     | Reached skill level 10 in Armour
 14255 | D:12     | Received a gift from Trog
 14493 | D:12     | Found a staircase to the Orcish Mines.
 14571 | Orc:1    | Entered Level 1 of the Orcish Mines
 14584 | Orc:1    | Found Diryat's Overcharged Wands.
 14619 | Orc:1    | Found Tosablof's Antique Armour Shoppe.
 14773 | Orc:2    | Entered Level 2 of the Orcish Mines
 15009 | Orc:2    | Noticed Maurice
 15029 | Orc:2    | Killed Maurice
 15030 | Orc:2    | Reached skill level 21 in Fighting
 15030 | Orc:2    | Reached XP level 15. HP: 158/158 MP: 14/14
 15065 | Orc:2    | Found Etro Nee's General Store.
 15088 | Orc:2    | Found a staircase to the Elven Halls.
 15116 | Orc:2    | Received a gift from Trog
 15784 | Orc:2    | Found Ehaziomn's Antique Armour Emporium.
 15786 | Orc:2    | Found Lalack's Antique Weapon Shoppe.
 15788 | Orc:2    | Found Raesar's Antique Weapon Emporium.
 15789 | Orc:2    | Found Ziejaces's Weapon Emporium.
 15997 | Orc:2    | Bought 3 scrolls of teleportation for 135 gold pieces
 15997 | Orc:2    | Bought a potion of heal wounds for 75 gold pieces
 16010 | Elf:1    | Entered Level 1 of the Elven Halls
 16010 | Elf:1    | Noticed a deep elf sorcerer
 16010 | Elf:1    | Noticed a deep elf sorcerer
 16010 | Elf:1    | Found a runed translucent gate.
 16010 | Elf:1    | Found a runed translucent gate.
 16010 | Elf:1    | Found a runed translucent gate.
 16010 | Elf:1    | Found a runed translucent gate.
 16010 | Elf:1    | Found a runed translucent gate.
 16010 | Elf:1    | Found a runed translucent gate.
 16012 | Elf:1    | Found a runed translucent door.
 16016 | Elf:1    | Killed a deep elf sorcerer
 16018 | Elf:1    | Killed a deep elf sorcerer
 16042 | Elf:1    | Found a runed translucent door.
 16159 | Elf:1    | Paralysed by an air elemental for 1 turns
 16421 | Elf:1    | Identified the +1 leather armour of Komeweda {^Drain rElec
                  | rC+}
 16924 | Elf:2    | Reached skill level 22 in Fighting
 17404 | Elf:2    | Found a runed translucent gate.
 17404 | Elf:2    | Found a runed translucent gate.
 17404 | Elf:2    | Found a runed translucent gate.
 17677 | Elf:2    | Mangled by a +3 glaive of protection

Illustrated notes

Levels and vault maps discovered:
D:1:      amcnicky_arrival_flooded_fountain, layout_basic
D:2:      kennysheep_six_static_rooms, layout_rooms, minmay_split_cup_small
D:3:      layout_basic, minmay_fractal_squares_5, uniq_natasha, uniq_robin
D:4:      layout_rooms
D:5:      gammafunk_cloud_chamber, layout_loops_corners, minmay_misc_feat_alley
D:6:      layout_rooms, minmay_temple_entry_drinking_statues,
          chequers_serial_rivers_marsh, hangedman_decor_lopped
D:7:      layout_cave_pools, mainiacjoe_overflow_alcove_2,
          gammafunk_temple_overflow_forgotten
D:8:      kennysheep_blocky_hall, layout_basic, uniq_gastronok
D:9:      layout_stronghold, grunt_temple_overflow_forces_of_nature,
          vehumet_crystals, minmay_lair_entry_grove, enter_bailey_2
D:10:     minmay_coctagon, layout_loops_ring, chequers_serial_rivers_micro_a,
          uniq_grum, uniq_harold
D:11:     layout_basic
D:12:     layout_cave_pods, minmay_orc_entry_temple_small, minivault_11
Lair:1:   layout_gridlike, st_stairs_12, grunt_megastairs_3
Lair:2:   layout_regular_city, elwin_shoals_entry_rooms, spider_nest_entry_a,
          gammafunk_ghost_wrathful_warriors
Lair:3:   layout_chaotic_city, uniq_josephine
Lair:4:   layout_layer_cave, dpeg_slime_entry_corner, serial_bayou_shore_a
Lair:5:   hellmonk_lair_end_abyssal_woods, layout_regular_city,
          gauntlet_entry_generic, st_stairs_4, serial_bayou_shore_b,
          grunt_megastairs_1
Orc:1:    layout_diamond_mine, basic_altar, serial_shops,
          nicolae_shop_tiny_real_fake_doors, nicolae_shop_overcharged_wands
Orc:2:    st_orc_pillars, layout_diamond_mine, serial_shops, nicolae_shop_trees,
          nooodl_orcs_dogs, uniq_maurice
Elf:1:    nicolae_elf_arrival_dilemma, layout_geoelf_grid,
          hangedman_corner_corridor
Elf:2:    elven_hall_of_blades_hangedman_original
          [nicolae_blade_entry_antechamber], layout_geoelf_octagon

Skill      XL: |  1  2  3  4  5  6  7  8  9 10 11 12 13 14 15 |
---------------+----------------------------------------------+-----
Axes           | 4 5 6 8 9 11 14 17 18 19 | 19.2
Shields        | 7 9 10 11 | 11.5
Throwing       | 2 |  2.9
Fighting       | 5 10 14 18 21 22 | 22.8
Armour         | 6 8 10 11 | 11.7
Dodging        | |  2.1

Action                     |  1- 3 |  4- 6 |  7- 9 | 10-12 | 13-15 || total
---------------------------+-------+-------+-------+-------+-------++-------
  Melee: Hand axe          |    65 |    44 |       |       |       ||   109
         Headbutt          |     8 |    17 |    39 |   101 |   134 ||   299
         Punch             |     1 |     1 |     3 |       |       ||     5
         Broad axe         |       |    90 |    37 |   534 |   734 ||  1395
         War axe           |       |       |   154 |     5 |       ||   159
  Throw: Boomerang         |       |       |       |    36 |     2 ||    38
 Invoke: Berserk           |     1 |     3 |     4 |     4 |    13 ||    25
         Trog's Hand       |       |       |     3 |       |     8 ||    11
         Brothers in Arms  |       |       |       |       |     3 ||     3
  Evoke: Wand              |       |       |       |       |     5 ||     5
    Use: Potion            |       |       |     3 |       |       ||     3
         Scroll            |       |       |       |    13 |    11 ||    24
 Armour: Animal skin       |     9 |       |       |       |       ||     9
         Scale mail        |    20 |    44 |       |       |       ||    64
         Plate armour      |       |     9 |   117 |   260 |   617 ||  1003
         Chain mail        |       |     2 |       |       |       ||     2
         Skin              |       |     1 |       |       |       ||     1
  Dodge: Dodged            |    37 |   102 |   102 |   315 |   182 ||   738
  Block: Buckler           |       |       |       |   116 |   138 ||   254
